AoeStats
← HR Pinkman

Arabia

509463191Analyzed
1v1 RM · 4d ago on Sep 26, 2026· 60m 45s· 2 players
Game mode
Random Map
Map size
Tiny (2 player)
Population
200
Speed
Normal
Resources
Standard
Victory
Conquest
Starting age
Dark Age
Ending age
Imperial Age
RankedLock teamsTeams togetherTeam positionsShared explorationLock speedFull tech treeHidden civsTurbo modeCheats
Victory
Defeat
🇧🇷 Portuguese · Brazil
2089
+19
🇨🇱 Jurchens · Chile
2161
-19
[0sV]PlaYBoY
6:29 Loom
9:12 Feudal Age
9:57 Double-Bit Axe
9:36 Man-at-Arms
16:59 Fletching
17:20 Forging
20:50 Castle Age
19:36 Forging
20:30 Scale Barding Armor
20:33 Gold Mining
20:24 Horse Collar
20:51 Light Cavalry
21:02 Crossbowman
23:24 Chain Barding Armor
23:17 Elite Skirmisher
25:12 Bow Saw
25:57 Padded Archer Armor
26:33 Bodkin Arrow
29:05 Wheelbarrow
30:47 Leather Archer Armor
30:57 Ballistics
31:08 Bloodlines
34:21 Hand Cart
37:06 Imperial Age
36:24 Iron Casting
36:14 Husbandry
38:28 Plate Barding Armor
39:01 Bloodlines
38:17 Cavalier
42:47 Blast Furnace
44:50 Bracer
45:20 Ring Archer Armor
45:56 Town Watch
47:42 Conscription
53:39 Chemistry
HR Pinkman
6:09 Loom
8:39 Feudal Age
9:32 Double-Bit Axe
10:34 Town Watch
11:47 Wheelbarrow
20:46 Castle Age
19:10 Fletching
20:31 Padded Archer Armor
21:08 Bloodlines
21:30 Bodkin Arrow
21:19 Elite Skirmisher
37:12 Imperial Age
36:03 Bow Saw
35:33 Horse Collar
36:33 Scale Barding Armor
39:35 Ballistics
39:53 Husbandry
41:33 Bracer
44:08 Chemistry
45:24 Chain Barding Armor
46:05 Conscription
46:21 Hand Cart
48:47 Forging
50:11 Plate Barding Armor
50:03 Heavy Plow
49:57 Elite Iron Pagoda
52:51 Leather Archer Armor
53:12 Iron Casting
53:35 Light Cavalry
55:49 Blast Furnace
55:00 Hussar
Connection lost

Rejoining the realm…

Still unreachable

The connection could not be restored.

Session expired

The server has moved on; the page needs a fresh start.